 Dungeon Crawl Stone Soup version 0.20.1-1-g8b1a95d66d (webtiles) character file.

408 Jannitor the Ducker (level 6, 0/38 HPs)
             Began as a Deep Elf Chaos Knight on Dec 19, 2017.
             Slain by a hound (5 damage)
             ... on level 4 of the Dungeon.
             The game lasted 00:05:24 (3966 turns).

Jannitor the Ducker (Deep Elf Chaos Knight)         Turns: 3966, Time: 00:05:25

Health: 0/38       AC:  5    Str:  9    XL:     6   Next: 57%
Magic:  8/8        EV: 14    Int: 19    God:    Xom [......]
Gold:   209        SH:  0    Dex: 14    Spells: 5/5 levels left

rFire    . . .     SeeInvis .   q - +6 dagger (venom)
rCold    . . .     Gourm    .   (no shield)
rNeg     . . .     Faith    .   b - +2 leather armour
rPois    .         Spirit   .   (no helmet)
rElec    .         Reflect  .   (no cloak)
rCorr    .         Harm     .   (no gloves)
MR       .....                  (no boots)
Stlth    +.........             (no amulet)
Regen    0.2/turn               (no ring)
MPRegen  0.2/turn               (no ring)

@: no status effects
A: no striking features
a: Renounce Religion


You were on level 4 of the Dungeon.
You worshipped Xom.
You were a very special plaything of Xom.
You were very hungry.

You visited 1 branch of the dungeon, and saw 4 of its levels.

You collected 209 gold pieces.

Inventory:

Hand Weapons
 a - a +0 short sword of chaos
 q - a +6 dagger of venom (weapon)
Armour
 b - a +2 leather armour (worn)
Jewellery
 j - an uncursed ring of protection from cold {unknown}
Wands
 v - a wand of scattershot (4/9)
Scrolls
 d - 2 scrolls of enchant armour {unknown}
 e - 3 scrolls of fog {unknown}
 f - a scroll of recharging {unknown}
 i - a scroll of magic mapping {unknown}
 l - a scroll of enchant weapon {unknown}
 m - a scroll of remove curse {unknown}
 n - 3 scrolls of identify {unknown}
 p - a scroll of amnesia {unknown}
 r - a scroll of immolation {unknown}
 t - a scroll of random uselessness {unknown}
Potions
 g - a potion of agility
 s - a potion of lignification {unknown}
 u - a potion of cancellation {unknown}
 w - a potion of brilliance
Comestibles
 c - 6 bread rations
 h - 2 royal jellies
 k - 2 meat rations
 o - 11 fruits


   Skills:
 + Level 4.0 Fighting
 + Level 5.0 Short Blades
 - Level 0.7 Armour
 + Level 5.3 Dodging


You had 5 spell levels left.
You didn't know any spells.

Dungeon Overview and Level Annotations

Branches:
Dungeon (4/15)             Temple (0/1) D:4

Altars:

Annotations:
D:4 1 transporter, dengdeng's ghost, amateur MiBe


Message History

The gnoll shaman hits you with a whip.
* * * LOW HITPOINT WARNING * * *
Okay, then.
Unknown command.
The gnoll shaman mumbles some strange prayers to its god.
The gnoll shaman is healed somewhat.
The gnoll shaman utters an invocation to its god.
The gnoll shaman is healed somewhat.
An orc comes into view. It is wielding a club.
The gnoll shaman invokes the aid of its god against you.
You resist with some effort.
A hound comes into view.
The orc shouts!
The hound barks!
The hound moves out of view.
The hound bites you.
* * * LOW HITPOINT WARNING * * *
You puncture the hound!
The hound is poisoned.
The hound is heavily wounded.
The hound bites you.
You die...

#.#
##.#.#.####.#####
#.# #....#..# #.#
#.# #..###.####.#
#g# #.#.).......#
#.# #.#..########
#.# #.#..#
#g####.#).#
#...o..[..#
#.###@....#######
#....h..........#
#####<.>..#####.#
#.....# #.#
#.#.#.# #.#
#.#.#.## ##.######
#.#....###........
#.#.....##..######
#...........#


You could see a gnoll shaman, a hound and an orc.

Vanquished Creatures
  The ghost of robinmars the Chopper, an amateur MiGl of Jiyva (D:3)
  An ogre (D:4)
  A scorpion (D:4)
  A gnoll shaman (D:4)
  Jessica (D:3)
  6 adders
  4 gnolls (D:4)
  An ooze (D:3)
  2 worms
  A dart slug (D:1)
  3 leopard geckos
  An orc (D:3)
  5 goblins
  4 hobgoblins
  2 jackals (D:2)
  A quokka (D:4)
  3 frilled lizards
  7 kobolds
  9 rats
54 creatures vanquished.

Notes
Turn   | Place    | Note
-------+----------+-------------------------------------------
     0 | D:1      | Jannitor the Deep Elf Chaos Knight began the quest for the Orb.
     0 | D:1      | Reached XP level 1. HP: 13/13 MP: 3/3
   161 | D:1      | XOM: harmless Hex miscast
   220 | D:1      | Reached XP level 2. HP: 18/18 MP: 4/4
   240 | D:1      | XOM: divination: magic mapping
   572 | D:1      | XOM: mild Chrm miscast
   594 | D:1      | XOM: harmless Hex miscast
   871 | D:2      | Noticed a steam dragon
   871 | D:2      | a worm changed into a steam dragon
   977 | D:2      | Noticed a wind drake
   977 | D:2      | XOM: cast spell 'Olgreb's Toxic Radiance'
   982 | D:2      | XOM: enchant monster (good)
   989 | D:2      | Reached XP level 3. HP: 10/22 MP: 5/5
  1295 | D:2      | Noticed a tarantella
  1313 | D:3      | XOM: scenery: 4 doors open
  1546 | D:3      | Noticed robinmars's ghost (amateur MiGl)
  1748 | D:3      | HP: 1/22 [poisoned by an adder]
  1764 | D:3      | XOM: 1-stop teleportation journey
  2097 | D:3      | XOM: enchant monster (bad)
  2105 | D:3      | XOM: silly message
  2119 | D:3      | Killed robinmars's ghost
  2119 | D:3      | Reached XP level 4. HP: 13/28 MP: 6/6
  2119 | D:3      | Reached XP level 5. HP: 15/32 MP: 7/7
  2199 | D:3      | XOM: 7-stop teleportation journey
  2283 | D:3      | Noticed Jessica
  2291 | D:3      | Killed Jessica
  2935 | D:4      | XOM: fog
  3265 | D:3      | XOM: silly message
  3269 | D:4      | XOM: destruction
  3412 | D:4      | Found a staircase to the Ecumenical Temple.
  3416 | D:4      | Noticed dengdeng's ghost (amateur MiBe)
  3426 | D:4      | XOM: cast spell 'Alistair's Intoxication'
  3469 | D:4      | XOM: medium Fire miscast
  3688 | D:4      | Found a transporter.
  3688 | D:4      | XOM: 3-stop teleportation journey
  3691 | D:4      | Found a transporter.
  3691 | D:4      | XOM: 9-stop teleportation journey
  3702 | D:4      | Reached XP level 6. HP: 37/38 MP: 8/8
  3766 | D:4      | Reached skill level 5 in Dodging
  3813 | D:4      | Reached skill level 5 in Short Blades
  3816 | D:4      | XOM: god gift: 7 needles of confusion
  3895 | D:4      | XOM: summons 2 friendly demons
  3930 | D:4      | XOM: mild Air miscast
  3966 | D:4      | Slain by a hound

Skill      XL: |  1  2  3  4  5  6 |
---------------+-------------------+-----
Dodging        | 3 4 5 |  5.3
Fighting       | 3 4 |  4.0
Short Blades   | 4 5 |  5.0
Armour         | |  0.7

Action                   |  1- 3 |  4- 6 || total
-------------------------+-------+-------++-------
Melee: Short sword       |   128 |     9 ||   137
       Dagger            |       |    81 ||    81
  Use: Scroll            |     2 |       ||     2
       Potion            |     4 |       ||     4
 Stab: Confused          |     2 |       ||     2
       Distracted        |       |     2 ||     2
  Eat: Chunk             |     1 |     2 ||     3
       Meat ration       |     1 |       ||     1
Armor: Leather armour    |    21 |    13 ||    34
Dodge: Dodged            |    68 |    38 ||   106
